 Dungeon Crawl Stone Soup version 0.14-a0-2644-gcc8e764 (webtiles) character file.

869 HollowCharge the Slasher (level 7, -4/44 HPs)
             Began as a Tengu Fighter on Feb 16, 2014.
             Killed from afar by an orc wizard (7 damage)
             ... with a magic dart
             ... on Level 4 of the Dungeon.
             The game lasted 00:17:22 (3275 turns).

HollowCharge the Slasher (Tengu Fighter)            Turns: 3275, Time: 00:17:22

HP  -4/44        AC  8     Str 16      XL: 7   Next: 65%
MP   9/9         EV  6     Int  9      God:
Gold 171         SH 19     Dex 15      Spells:  0 memorised,  6 levels left

rFire  . . .     SeeInvis .     a - +0 falchion
rCold  . . .     Clarity  .     b - +0 scale mail
rNeg   . . .     Conserve .     c - +0 shield
rPois  +         rCorr    .     (helmet restricted)
rElec  .         rRot     .     x - +0 cloak {+Inv}
SustAb . .       Spirit   .     (no gloves)
rMut   .         Warding  .     (boots unavailable)
Saprov . . .     Stasis   .     (no amulet)
MR     .....                    y - ring of sustenance
                                r - ring of poison resistance

@: invisible, very slightly contaminated, not resistant to hostile enchantments,
extremely unstealthy
A: able to fly, beak, talons 3
a: Fly


You were on level 4 of the Dungeon.
You were not hungry.

You visited 1 branch of the dungeon, and saw 4 of its levels.

You collected 171 gold pieces.

Inventory:

Hand weapons
 a - a +0,+0 falchion (weapon)
Armour
 b - a +0 scale mail (worn)
 c - a +0 shield (worn)
 x - a +0 cloak of darkness (worn)
Magical devices
 l - a wand of digging (11)
 m - a wand of teleportation (0)
Comestibles
 d - a bread ration
 i - 4 meat rations
 j - an apple
 s - 2 chokos
 w - a banana
 A - a rotting chunk of adder flesh
Scrolls
 e - 2 scrolls of noise {unknown}
 h - a scroll of immolation {unknown}
 k - a scroll of curse jewellery {unknown}
 n - a scroll of enchant weapon II {unknown}
 q - a scroll of enchant armour {unknown}
 t - a scroll of remove curse {unknown}
 z - a scroll of magic mapping {unknown}
Jewellery
 o - an uncursed ring of sustain abilities
 r - a ring of poison resistance (left hand)
 y - a ring of sustenance (right hand)
Potions
 g - a potion of invisibility
 p - 4 potions of curing {unknown}
 u - a potion of brilliance {unknown}
 v - a potion of restore abilities {unknown}


   Skills:
 + Level 4.7 Fighting
 * Level 6.2 Long Blades
 + Level 5.0 Armour
 + Level 4.4 Shields


You had 6 spell levels left.
You didn't know any spells.

Dungeon Overview and Level Annotations

Branches:
Dungeon (4/16)
 Temple: D:4-7

Altars:

Shops:
D:4 }[


Innate Abilities, Weirdness & Mutations

You can fly.
You have a beak for a mouth.
You have claws for feet.


Message History

The orc priest invokes the aid of Beogh against you.
Something smites you!
* * * LOW HITPOINT WARNING * * *
The orc wizard hits you but does no damage.
You fade into invisibility!
You block the orc wizard's attack.
You are very lightly contaminated with residual magic.
The orc priest calls upon Beogh to heal the orc wizard.
The orc wizard is healed somewhat.
The orc priest mumbles some strange prayers to Beogh against something.
The orc wizard gestures at something while chanting.
The orc priest invokes the aid of Beogh against something.
There is an entrance to Qag Uschul's Gadget Shoppe here.
The orc wizard points at something and mumbles some strange words.
The orc wizard casts a spell at something.
The puff of frost hits you!
* * * LOW HITPOINT WARNING * * *
The orc wizard casts a spell at something.
The magic dart hits you!
You die...

..# #.....8.##.##......#.∩.∩#..
..# #.##.#..##.........#.......
..# ###)##....###........##......
..###...#####.###........##.###.#
........................###.###.#
.........####.##o....[..# #.##..#
....∩....# #.##........# #.##.##
..###.o.#####.##........# #.##.##
..# ##.###...o##@.......# #......
..# #.###.#####.######## ####.##
o.# #.#o.....##.##...########.#
.## ##.#.#.##.##.##............#
o## #..o.#.##.##.##...##########
..# #.#....%.....###.## ..#
#....####.#### #.# ..#
####.....(######.# #.#
######........#


You could see an orc wizard.

Vanquished Creatures
  Pikel (D:4)
  An orc wizard (D:3)
  Crazy Yiuf (D:2)
  Natasha (thrice) (D:3)
  Ijyb (D:2)
  An adder (D:4)
  A gnoll (D:1)
  An inept feature mimic (D:4)
  3 worms
  5 giant geckos
  7 orcs (D:3)
  2 ball pythons (D:3)
  2 giant cockroaches
  4 hobgoblins
  9 jackals
  9 kobolds
  3 quokkas
  7 bats
  5 giant newts
  10 goblins
  5 rats
  A rat skeleton (D:4)
82 creatures vanquished.

Vanquished Creatures (others)
  2 slaves (D:4)
  A kobold (D:4)
3 creatures vanquished.

Grand Total: 85 creatures vanquished

Notes
Turn   | Place    | Note
--------------------------------------------------------------
     0 | D:1      | HollowCharge, the Tengu Fighter, began the quest for the Orb.
     0 | D:1      | Reached XP level 1. HP: 14/14 MP: 1/1
    42 | D:1      | Reached XP level 2. HP: 19/19 MP: 3/3
   649 | D:2      | Reached XP level 3. HP: 18/23 MP: 4/4
   747 | D:2      | Noticed Crazy Yiuf
  1000 | D:2      | Noticed Ijyb
  1015 | D:2      | Killed Ijyb
  1245 | D:2      | Reached XP level 4. HP: 18/28 MP: 5/5
  1731 | D:2      | Killed Crazy Yiuf
  1731 | D:2      | Reached skill level 4 in Long Blades
  2011 | D:3      | Reached XP level 5. HP: 32/32 MP: 7/7
  2230 | D:3      | Noticed Natasha
  2237 | D:3      | Killed Natasha
  2287 | D:3      | Noticed Natasha
  2294 | D:3      | Killed Natasha
  2501 | D:3      | Noticed Natasha
  2504 | D:3      | Killed Natasha
  2825 | D:4      | Noticed an ogre
  2832 | D:4      | Reached XP level 6. HP: 36/38 MP: 8/8
  2880 | D:4      | Found Ghekh's Antique Armour Boutique.
  2911 | D:4      | Found Zugoov's Weapon Shoppe.
  2979 | D:4      | Zugoov's Weapon Shoppe was a mimic.
  2996 | D:4      | Found Qag Uschul's Gadget Shoppe.
  2996 | D:4      | Noticed Pikel
  2996 | D:4      | Noticed a slave
  2996 | D:4      | Noticed a slave
  2997 | D:4      | Noticed a slave
  2998 | D:4      | Noticed a slave
  3021 | D:4      | Killed Pikel
  3021 | D:4      | Reached skill level 6 in Long Blades
  3021 | D:4      | Reached skill level 5 in Armour
  3021 | D:4      | Reached XP level 7. HP: 12/44 MP: 9/9
  3081 | D:4      | Killed a freed slave
  3179 | D:4      | Killed a freed slave
  3267 | D:4      | HP: 2/44 [orc wizard/puff of frost (7)]
  3275 | D:4      | Killed from afar by an orc wizard

Action                   |  1- 3 |  4- 6 |  7- 9 || total
-------------------------+-------+-------+-------++-------
Melee: Falchion          |    74 |   197 |     4 ||   275
Evoke: Wand              |     1 |     2 |       ||     3
  Use: Scroll            |       |     4 |       ||     4
       Potion            |       |       |     1 ||     1
